 Dungeon Crawl Stone Soup version 0.25.1-2-g60ff931df9 (webtiles) character file.

Game seed: 13023435136133685572

49 raphialitos the Shield-Bearer (level 3, -8/33 HPs)
             Began as a Minotaur Fighter on Oct 21, 2020.
             Mangled by an ice beast (14 damage)
             ... on level 2 of the Dungeon.
             The game lasted 00:01:46 (972 turns).

raphialitos the Shield-Bearer (Minotaur Fighter)     Turns: 972, Time: 00:01:47

Health: -8/33      AC:  7    Str: 21    XL:     3   Next: 53%
Magic:  2/2        EV:  7    Int: 11    God:
Gold:   53         SH:  9    Dex:  9    Spells: 2/2 levels left

rFire    . . .     SeeInvis .   a - +0 rapier
rCold    . . .     Gourm    .   c - +0 kite shield
rNeg     . . .     Faith    .   b - +0 scale mail
rPois    .         Spirit   .   (helmet restricted)
rElec    .         Reflect  .   (no cloak)
rCorr    .         Harm     .   (no gloves)
MR       .....                  (no boots)
Stlth    ..........             (no amulet)
HPRegen  0.11/turn              h - +6 ring of intelligence
MPRegen  0.08/turn              (no ring)

@: no status effects
A: retaliatory headbutt, horns 2
a: no special abilities


You were on level 2 of the Dungeon.
You were not hungry.

You visited 1 branch of the dungeon, and saw 2 of its levels.

You collected 53 gold pieces.

Inventory:

Hand Weapons
 a - a +0 rapier (weapon)
Armour
 b - a +0 scale mail (worn)
 c - a +0 kite shield (worn)
Jewellery
 h - a +6 ring of intelligence (left hand)
Scrolls
 e - a scroll of remove curse {unknown}
Potions
 d - 3 potions of might
 i - 2 potions of lignification {unknown}
Comestibles
 f - 2 rations
 g - 7 chunks of flesh


   Skills:
 + Level 4.1 Fighting
 + Level 2.6 Short Blades
 + Level 4.1 Armour
 + Level 0.7 Dodging
 + Level 4.2 Shields


You had 2 spell levels left.
You didn't know any spells.
Your spell library was empty.

Dungeon Overview and Level Annotations

Branches:
Dungeon (2/15)

Altars:


Innate Abilities, Weirdness & Mutations

You reflexively headbutt those who attack you in melee.
You have a pair of horns on your head.


Message History

You hit the ice beast.
The ice beast is lightly wounded.
The ice beast barely misses you.
You closely miss the ice beast.
The ice beast is lightly wounded.
The ice beast hits you. The ice beast freezes you.
* * * LOW HITPOINT WARNING * * *
You hit the ice beast.
The ice beast is moderately wounded.
The ice beast hits you but does no damage.
Your shield and scale mail prevent you from hitting the ice beast.
Your headbutt misses the ice beast.
The ice beast is moderately wounded.
The ice beast hits you but does no damage.
You hit the ice beast. You headbutt the ice beast!
The ice beast is almost dead.
You block the ice beast's attack. The ice beast hits you.
* * * LOW HITPOINT WARNING * * *
The ice beast freezes you!
You die...

###### #......#÷# #..
#.##...#.##
#.#.###.##.....<#.
+............÷.... #
#)#####.#.......#. #.
#.##....#.....#.#.
#.. #.##.####.###.#.#
#...#.##.#....÷.#.#.#
#.Y@##.#.##.#.#.#.#
#.#..†.#.##.#.#.#.# #
#.####....#.#.#.# #.#
####....#...# #.#
#..'........# ..#
#.##..[†....#
#######.##....)...#
#.......##........#
#.###########.....#


You could see an ice beast.

Vanquished Creatures
  An adder (D:2)
  2 oozes
  An adder skeleton (D:2)
  A worm (D:2)
  2 dart slugs
  A leopard gecko (D:1)
  5 bats
  2 giant cockroaches
  A goblin (D:1)
  2 ball pythons (D:1)
  2 frilled lizards (D:2)
  A kobold (D:2)
  3 rats (D:1)
24 creatures vanquished.

Notes
Turn   | Place    | Note
-------+----------+-------------------------------------------
     0 | D:1      | raphialitos the Minotaur Fighter began the quest for the
                  | Orb.
     0 | D:1      | Reached XP level 1. HP: 19/19 MP: 0/0
   202 | D:1      | Reached XP level 2. HP: 22/27 MP: 1/1
   788 | D:2      | Reached XP level 3. HP: 26/33 MP: 2/2
   965 | D:2      | Noticed an ice beast
   972 | D:2      | Mangled by an ice beast

Illustrated notes

Levels and vault maps discovered:
D:1:      dpeg_arrival_short_road, layout_basic
D:2:      layout_basic, lexackson_kobold_supper

Skill      XL: |  1  2 |
---------------+-------+-----
Shields        | 4 |  4.2
Armour         | 4 |  4.1
Fighting       | 4 |  4.1
Short Blades   | |  2.6
Dodging        | |  0.7

Action                   || total
-------------------------++-------
Melee: Rapier            ||    70
       Headbutt          ||     7
  Use: Scroll            ||     1
Armor: Scale mail        ||    51
Dodge: Dodged            ||    29
Block: Kite shield       ||    44
